Map: Kairos Junction LE

Players

Solar

  • Race: Zerg Zerg
  • Spawn Location: 5:00

Serral - Winner!

  • Race: Zerg Zerg
  • Spawn Location: 11:00

Event: IEM Season 13: Katowice (2019)

VOD

Have the link to the VOD?

Description

Time

  • Played on: March 1, 2019, 6:17 a.m.
  • Length: 13:08

All games in this series

Show
View Real Time Build Order
Export as new Build Order

Solar Zerg 

Build Orders: Hatch First 

Get SALT Encoding   

  12  0:01  Drone  
  13  0:12  Overlord  
  13  0:17  Drone  
  14  0:31  Drone x2  
  16  0:47  Hatchery  
  15  0:51  Drone  
  15  0:54  Drone  
  17  0:57  Drone  
  17  1:03  Extractor  
  17  1:12  Spawning Pool  
  17  1:15  Drone  
  17  1:19  Drone  
  18  1:28  Drone  
  19  1:59  Zergling x2  
  19  2:00  Queen, Zergling x6  
  19  2:01  Queen  
  27  2:11  Zergling x2  
  26  2:24  Drone  
  26  2:26  Drone  
  25  2:34  Overlord  
  25  2:38  Drone  
  25  2:42  Drone  
  27  2:48  Drone  
  28  2:53  Metabolic Boost  
  28  2:57  Drone  
  29  3:00  Drone  
  30  3:06  Overlord  
  30  3:11  Drone  
  30  3:13  Drone  
  30  3:14  Drone  
  31  3:22  Zergling x2  
  31  3:23  Zergling x4  
  31  3:26  Zergling x4  
  36  3:29  Zergling x2  
  36  3:33  Zergling x2  
  37  3:37  Zergling x2  
  38  3:45  Overlord  
  38  3:48  Zergling x2  
  38  3:49  Zergling x4  
  41  4:00  Hatchery  
  41  4:02  Drone  
  41  4:03  Drone  
  41  4:06  Drone  
  41  4:08  Drone  
  44  4:11  Drone  
  44  4:13  Drone  
  46  4:17  Overlord  
  46  4:22  Drone  
  45  4:31  Drone  
  45  4:32  Drone x2  
  45  4:34  Drone  
  45  4:36  Evolution Chamber  
  47  4:38  Drone x2  
  47  4:44  Roach Warren  
  48  4:48  Extractor, Drone  
  48  4:49  Drone  
  48  4:54  Drone  
  49  5:01  Zerg Missile Weapons Level 1  
  49  5:02  Drone  
  49  5:03  Drone x3  
  49  5:05  Drone  
  49  5:06  Drone  
  54  5:07  Extractor  
  54  5:08  Drone  
  54  5:13  Queen  
  56  5:19  Overlord  
  56  5:24  Roach x2  
  56  5:25  Roach  
  56  5:28  Roach  
  64  5:34  Extractor  
  63  5:36  Roach, Overlord  
  63  5:38  Roach  
  63  5:40  Roach  
  70  5:45  Roach  
  70  5:46  Roach  
  74  5:50  Overlord  
  74  5:55  Roach x3  
  80  6:00  Roach  
  80  6:02  Overlord  
  82  6:09  Roach  
  82  6:10  Roach x2  
  82  6:11  Roach  
  86  6:13  Roach  
  86  6:17  Roach  
  86  6:18  Overlord  
  90  6:21  Roach  
  90  6:23  Roach  
  90  6:25  Roach  
  94  6:29  Roach  
  94  6:30  Roach  
  97  6:33  Zergling x2  
  97  6:34  Overlord  
  97  6:38  Roach  
  96  6:40  Roach  
  96  6:42  Roach  
  96  6:44  Roach  
  98  6:47  Roach  
  98  6:48  Roach  
  98  6:52  Roach  
  94  6:55  Roach  
  94  6:57  Roach  
  94  6:59  Roach  
  94  7:01  Roach  
  91  7:05  Queen  
  91  7:07  Drone  
  94  7:10  Drone  
  94  7:13  Lair  
  94  7:16  Drone  
  94  7:18  Zergling x2  
  94  7:19  Drone  
  94  7:20  Drone  
  94  7:21  Drone  
  99  7:25  Overlord  
  99  7:27  Drone  
  100  7:31  Drone x2  
  100  7:33  Drone  
  100  7:35  Extractor  
  102  7:39  Ravager x2  
  102  7:41  Overlord  
  104  7:45  Roach x2  
  104  7:50  Overlord  
  108  7:53  Roach x2  
  108  7:55  Overlord  
  108  7:57  Overlord  
  112  8:00  Roach x3  
  112  8:03  Roach  
  119  8:06  Overlord  
  119  8:07  Roach  
  119  8:10  Glial Reconstitution  
  119  8:11  Overseer  
  121  8:14  Overlord  
  121  8:17  Roach  
  121  8:19  Roach  
  127  8:20  Roach  
  127  8:22  Roach  
  127  8:25  Roach  
  127  8:27  Roach  
  133  8:28  Roach  
  133  8:32  Roach x2  
  139  8:34  Roach  
  139  8:37  Roach  
  139  8:39  Roach  
  144  8:50  Roach x4  
  144  8:53  Overlord x2  
  152  8:56  Roach  
  152  9:00  Overlord  
  154  9:04  Overlord  
  154  9:12  Roach x4, Ravager x2  
  154  9:14  Roach  
  166  9:18  Roach  
  166  9:19  Roach  
  166  9:22  Roach  
  172  9:26  Roach x2  
  172  9:29  Overlord  
  172  9:31  Roach x2  
  180  9:35  Roach x2  
  186  9:38  Roach  
  186  9:43  Overlord  
  184  9:46  Roach  
  184  9:48  Roach x2  
  184  9:53  Roach x2  
  184  9:55  Roach x2  
  184  9:59  Roach  
  176  10:00  Roach  
  176  10:02  Roach  
  154  10:07  Roach x2  
  154  10:09  Roach  
  154  10:11  Roach  
  132  10:14  Roach  
  132  10:18  Roach  
  132  10:19  Roach  
  132  10:20  Roach  
  119  10:23  Roach  
  119  10:24  Roach  
  119  10:26  Roach  
  113  10:30  Extractor  
  113  10:32  Drone x4  
  116  10:49  Roach x2  
  122  10:50  Roach  
  122  10:53  Roach x2  
  126  10:57  Roach  
  126  10:58  Roach x2  
  132  11:05  Ravager  
  132  11:07  Hatchery  
  132  11:10  Ravager  
  133  11:12  Roach x2  
  133  11:14  Roach  
  133  11:17  Roach  
  133  11:18  Extractor  
  140  11:21  Roach  
  140  11:22  Roach  
  140  11:25  Roach  
  146  11:28  Roach  
  148  11:33  Roach x3  
  148  11:37  Ravager  
  148  11:38  Roach  
  157  11:42  Roach x2  
  157  11:45  Roach  
  163  11:48  Roach  
  163  11:51  Roach  
  167  11:54  Ravager x2  
  167  11:56  Roach  
  167  11:59  Roach  
  167  12:01  Roach  
  175  12:03  Roach  
  175  12:06  Ravager  
  180  12:08  Roach  
  180  12:11  Roach  
  180  12:15  Roach  
  184  12:18  Ravager x2  
  182  12:23  Roach x2  
  182  12:25  Roach  
  182  12:29  Roach  
  188  12:32  Roach  
  188  12:35  Roach  
  188  12:39  Roach x2  
  188  12:44  Roach  
  188  12:49  Roach x2  
Show
View Real Time Build Order
Export as new Build Order

Serral Zerg - Winner!

Build Orders: Pool First 

Get SALT Encoding   

  12  0:16  Spawning Pool  
  11  0:21  Drone  
  11  0:28  Drone  
  13  0:31  Drone  
  14  0:39  Overlord  
  14  1:03  Zergling x4  
  16  1:04  Zergling x2  
  17  1:15  Zergling x2  
  17  1:18  Hatchery  
  17  1:26  Zergling x2  
  18  1:33  Queen  
  18  1:37  Drone  
  21  1:49  Overlord  
  21  1:58  Drone  
  22  2:09  Queen, Drone  
  25  2:20  Drone  
  23  2:31  Drone x2  
  23  2:33  Queen  
  27  2:41  Drone x2  
  27  2:42  Drone x2  
  27  2:43  Drone  
  32  2:52  Overlord  
  32  2:55  Drone  
  32  3:02  Drone  
  33  3:06  Drone  
  33  3:10  Extractor x2  
  32  3:13  Drone  
  32  3:16  Drone x4  
  32  3:18  Drone x2  
  32  3:19  Drone  
  40  3:25  Drone  
  41  3:30  Overlord  
  41  3:36  Evolution Chamber, Drone  
  41  3:38  Drone  
  42  3:47  Overlord  
  42  3:48  Drone x2  
  44  3:49  Drone  
  44  3:52  Extractor  
  44  3:53  Drone  
  44  3:55  Roach Warren  
  44  3:58  Drone x2  
  44  4:01  Drone  
  47  4:05  Drone  
  47  4:07  Drone  
  48  4:19  Queen  
  48  4:21  Evolution Chamber  
  48  4:22  Evolution Chamber  
  51  4:27  Evolution Chamber  
  51  4:29  Queen  
  48  4:33  Roach Warren  
  48  4:34  Roach  
  48  4:35  Roach  
  48  4:36  Roach  
  53  4:44  Overlord  
  53  4:49  Zerg Missile Weapons Level 1  
  53  4:52  Baneling Nest  
  52  4:54  Evolution Chamber  
  51  5:00  Overlord x2  
  51  5:04  Metabolic Boost  
  51  5:12  Evolution Chamber  
  51  5:13  Overlord  
  53  5:14  Roach x4  
  53  5:18  Roach  
  53  5:19  Roach  
  63  5:23  Roach  
  63  5:25  Roach  
  63  5:27  Zergling x2  
  63  5:28  Zergling x2  
  69  5:32  Zergling x4  
  72  5:38  Roach x3  
  78  5:44  Roach x2  
  82  5:55  Baneling x8  
  82  5:57  Roach x2  
  86  6:00  Overlord  
  88  6:04  Roach  
  88  6:10  Roach x2  
  90  6:13  Overlord  
  90  6:19  Zergling x6  
  90  6:22  Zergling x4  
  95  6:26  Zergling x4  
  95  6:32  Zergling x2  
  94  6:41  Zergling x6  
  93  6:47  Roach  
  93  6:52  Roach x2  
  93  6:53  Roach x2  
  87  6:58  Zergling x2  
  77  7:03  Lair  
  73  7:17  Roach x2  
  73  7:21  Hatchery  
  75  7:23  Drone x2  
  75  7:25  Ravager x4  
  75  7:29  Roach x3  
  87  7:34  Zerg Ground Armor Level 1  
  87  7:37  Roach  
  87  7:42  Roach  
  90  7:59  Drone x2  
  90  8:00  Drone x5  
  97  8:08  Glial Reconstitution  
  97  8:11  Roach  
  99  8:16  Roach  
  99  8:18  Overlord x2  
  101  8:20  Extractor  
  101  8:22  Roach  
  102  8:31  Overlord  
  102  8:32  Roach x2  
  106  8:34  Overseer  
  106  8:36  Roach x2  
  110  8:43  Roach x2  
  113  8:49  Roach x2  
  113  8:54  Roach x3  
  122  8:59  Roach x4  
  122  9:02  Ravager  
  130  9:06  Overlord x2  
  130  9:08  Roach  
  132  9:18  Queen  
  134  9:30  Roach x5  
  144  9:34  Roach x2  
  148  9:41  Roach x3  
  152  9:48  Roach  
  152  9:49  Roach  
  152  9:51  Roach  
  148  9:58  Roach x6  
  154  10:05  Roach  
  154  10:06  Roach x2  
  138  10:11  Roach x3  
  100  10:23  Zerg Missile Weapons Level 2  
  100  10:25  Roach x3  
  102  10:33  Roach x3  
  108  10:36  Ravager  
  108  10:39  Roach x2  
  113  10:47  Queen  
  115  10:50  Roach x3  
  115  10:54  Ravager  
  115  10:56  Drone x3  
  125  10:59  Roach  
  127  11:05  Overlord  
  127  11:07  Roach x2, Ravager  
  132  11:14  Roach x2  
  132  11:15  Roach  
  138  11:19  Roach x2  
  138  11:22  Roach  
  144  11:27  Roach x2  
  144  11:30  Overlord  
  144  11:32  Roach  
  150  11:36  Roach x2  
  154  11:43  Roach x3  
  160  11:49  Overlord  
  160  11:50  Overseer  
  160  11:51  Overlord  
  160  11:54  Overlord  
  160  11:56  Ravager  
  160  11:57  Ravager  
  160  12:00  Overlord  
  162  12:11  Roach x5  
  172  12:17  Roach x3  
  178  12:23  Roach x2  
  182  12:30  Roach x2, Ravager  
  182  12:36  Ravager  
  188  12:41  Roach  
  188  12:42  Roach  

Tags
 
Add a new tag
Caveats
  • Supply blocks, unpowered buildings, or Contaminate may cause inaccurate times.
  • Supply counts are checked every 10 seconds.